Cogmind - Beta 11 X8 @@@ ROGUE MODE // 2021.10.23 @ 14:56:03 Player: IceBox Result: Destroyed by S-10 Pest with Light Assault Rifle Performance ------------- Evolutions (0) 0 Regions Visited (4) 800 Robots Destroyed (50) 250 Value Destroyed (1256) 1256 Prototype IDs (24) 480 Alien Tech Used (0) 0 Bonus (300) 300 TOTAL SCORE: 3086 Bonus ------- Aligned with FarCom 300 Cogmind --------- Core Integrity 0/250 Matter 290/300 Energy 118/125 System Corruption 0% Temperature Cool (39) Movement Rolling (105) Ox1 Location -9/Mines Parts ------- > --- POWER (1) -------- Light Ion Engine > --- PROPULSION (2) --- Wheel Compact Wheel > --- UTILITY (2) ------ Improved Heat Sink High-capacity Storage Unit > --- WEAPON (2) ------- Improved Medium Laser Improved Medium Laser > --- INVENTORY (20) --- Ion Engine Compact Wheel Huge Storage Unit Structural Scanner Experimental Sensor Array Modified TNC Core Shielding Power Shielding Utility Shielding Guided Plasma Cannon Assault Rifle Light Assault Rifle Light Assault Rifle Light Assault Rifle Light Assault Rifle Light Assault Rifle Grenade Launcher Rocket Launcher Plasma Cutter Peak State ------------ > --- POWER ------------ Light Ion Engine > --- PROPULSION ------- Compact Wheel Compact Wheel > --- UTILITY ---------- Improved Heat Sink High-capacity Storage Unit > --- WEAPON ----------- Improved Medium Laser Improved Medium Laser > --- INVENTORY -------- Ion Engine Wheel Compact Wheel Huge Storage Unit Structural Scanner Experimental Sensor Array Modified TNC Core Shielding Power Shielding Utility Shielding Guided Plasma Cannon Assault Rifle Light Assault Rifle Light Assault Rifle Light Assault Rifle Light Assault Rifle Light Assault Rifle Grenade Launcher Rocket Launcher Plasma Cutter [Rating: 17] Favorites ----------- Power Light Ion Engine Engine Light Ion Engine Power Core Light Nuclear Core Propulsion Compact Wheel Treads Light Treads Leg Aluminum Leg Wheel Compact Wheel Utility High-capacity Storage Unit Device Improved Heat Sink Storage High-capacity Storage Unit Processor Signal Interpreter Weapon Improved Medium Laser Energy Gun Improved Medium Laser Ballistic Gun Assault Rifle Ballistic Cannon Light Cannon Launcher Grenade Launcher Build | -11 -10 -10 -10 -9 ------- Run | Scr Mat Min Exi Min Slots Evolved . | . . . . . Power . | . . . . . Propulsion . | . . . . . Utility . | . . . . . Weapon . | . . . . . Parts Attached 36 | 2 18 15 . 1 Power 4 | . 1 3 . . Engine 3 | . 1 2 . . Core 1 | . . 1 . . Reactor . | . . . . . Propulsion 15 | 2 5 7 . 1 Treads 6 | 1 2 3 . . Leg . | . . . . . Wheel 9 | 1 3 4 . 1 Hover . | . . . . . Flight . | . . . . . Utility 4 | . 2 2 . . Device 2 | . . 2 . . Storage 1 | . 1 . . . Processor 1 | . 1 . . . Hackware . | . . . . . Protection . | . . . . . Artifact . | . . . . . Weapon 13 | . 10 3 . . Energy Gun 4 | . 2 2 . . Energy Cannon . | . . . . . Ballistic Gun 3 | . 3 . . . Ballistic Cannon 4 | . 3 1 . . Launcher 2 | . 2 . . . Special Weapon . | . . . . . Impact Weapon . | . . . . . Slashing Weapon . | . . . . . Piercing Weapon . | . . . . . Special Melee Weapon . | . . . . . Unidentified Prototypes 1 | . 1 . . . Parts Lost 9 | . 3 5 . 1 Power 2 | . . 2 . . Propulsion 5 | . 1 3 . 1 Utility . | . . . . . Weapon 2 | . 2 . . . Highest Loss Streak 3 | . 3 1 . 1 Average Slot Usage (%) 98 | . 97 99 100 100 Engine 13 | . 14 12 14 14 Treads 8 | . 14 6 . . Wheel 19 | . 13 21 28 28 Device 7 | . . 13 14 14 Storage 14 | . 14 14 14 14 Processor 5 | . 11 . . . Energy Gun 16 | . 2 26 28 28 Ballistic Gun 5 | . 13 . . . Ballistic Cannon 4 | . 11 . . . Naked Turns . | . . . . . Heaviest Build 52 | 14 50 52 50 . Greatest Support 40 | 16 16 40 32 . Greatest Overweight (x) 15 | . 15 3 1 . Average Overweight (x) 1 | . 2 1 1 . Largest Inventory Capacity 20 | 8 20 20 20 20 Average Capacity 19 | 8 18 20 20 20 Most Carried 20 | 8 20 20 20 20 Average Carried 16 | 6 11 19 19 19 Final Capacity 20 | 8 20 20 20 20 Final Carried 20 | 8 19 20 20 19 Class Distribution -------------------- 100% | Mutant Dominant Class ---------------- Mutant | -10/Materials Mutant | -10/Mines Mutant | -10/Exiles Mutant | -9/Mines Resources | -11 -10 -10 -10 -9 ----------- Run | Scr Mat Min Exi Min Matter Collected 831 | 229 363 239 . . Remotely . | . . . . . Salvage Created 1625 | 95 614 874 . 42 Parts 91 | 7 37 39 . 8 Haulers Intercepted . | . . . . . Recyclers Shooed 1 | . 1 . . . Parts Field Recycled . | . . . . . Retrieved Matter . | . . . . . Parts Self-Destructed . | . . . . . Prevented . | . . . . . Kills | -11 -10 -10 -10 -9 ------- Run | Scr Mat Min Exi Min Combat Hostiles Destroyed 40 | . 16 21 . 3 Guns 27 | . 6 18 . 3 Cannons 10 | . 7 3 . . AOE 3 | . 3 . . . Classes Destroyed 8 | 2 5 1 . . Builder 1 | . 1 . . . Tunneler 1 | 1 . . . . Recycler 4 | 1 1 2 . . Mechanic 1 | . 1 . . . Watcher 3 | . 3 . . . Swarmer 12 | . 6 3 . 3 Grunt 26 | . 10 16 . . Sentry 2 | . . 2 . . Best Kill Streak 8 | 2 8 6 . 3 Combat Bots Only 7 | . 7 4 . 3 Max Kills in Single Turn 2 | 1 2 2 . 1 Gunslinging 1 | . . 1 . . Exploded 2 | . 2 . . . Melee . | . . . . . Uniques/NPCs Destroyed . | . . . . . Combat | -11 -10 -10 -10 -9 -------- Run | Scr Mat Min Exi Min Damage Taken 1361 | . 477 764 . 120 Core 253 | . 75 120 . 58 Absorbed by Shields . | . . . . . Core Remaining (%) 100 | 100 . . . . Volleys Fired 97 | 3 43 45 . 6 Largest 2 | 1 2 2 . 2 Hottest 112 | 20 80 112 . 112 Shots Fired 188 | 3 83 90 . 12 Gun 147 | 3 54 78 . 12 Cannon 40 | . 28 12 . . Launcher 1 | . 1 . . . Special . | . . . . . Kinetic 85 | 3 58 24 . . Thermal 78 | . . 66 . 12 Explosive 1 | . 1 . . . Electromagnetic 24 | . 24 . . . Robot Hit Streak 20 | 3 8 20 . 3 Robot Miss Streak 3 | . 3 2 . 2 Penetration Max . | . . . . . Secondary Targets 6 | . 1 4 . 1 Max Gunslinging Chain 1 | . 1 1 . 1 Shots Hit Robots 129 | 3 51 69 . 6 Core Hits 62 | 2 26 31 . 3 Critical Kills . | . . . . . Critical Parts Destroyed . | . . . . . Critical Strikes 9 | . 3 6 . . Burn 5 | . . 5 . . Blast 4 | . 3 1 . . Melee Attacks . | . . . . . Impact . | . . . . . Slashing . | . . . . . Piercing . | . . . . . Sneak Attacks . | . . . . . Combat Hostiles . | . . . . . Follow-up Attacks . | . . . . . Damage Inflicted 2340 | 40 1029 1165 . 106 Guns 1603 | 40 473 984 . 106 Cannons 523 | . 342 181 . . Explosions 214 | . 214 . . . Melee . | . . . . . Ramming . | . . . . . Kinetic 932 | 40 580 312 . . Thermal 1173 | . 214 853 . 106 Explosive . | . . . . . Electromagnetic 235 | . 235 . . . Impact . | . . . . . Slashing . | . . . . . Piercing . | . . . . . Highest Corruption . | . . . . . Average Corruption . | . . . . . Corruption Purged . | . . . . . Overload Shots . | . . . . . Overflow Damage 20 | . 20 . . . Projectiles 8 | . 8 . . . Explosions 12 | . 12 . . . Melee . | . . . . . Knockbacks 7 | . 5 2 . . Impact . | . . . . . Kinetic 7 | . 5 2 . . Secondary . | . . . . . Self-Inflicted Damage . | . . . . . Shots . | . . . . . Rammed 1 | . 1 . . . Targets Rammed 1 | . 1 . . . Kicked . | . . . . . Crushed . | . . . . . Highest Temperature 294 | . 294 198 . 39 Average Temperature 79 | . 136 49 . 18 Received Heat Transfer 576 | . 210 366 . . Siege Activations . | . . . . . Robots Corrupted . | . . . . . Combat Hostiles . | . . . . . Parts Fried 2 | . 2 . . . Impact Corruptions . | . . . . . Robots Melted . | . . . . . Combat Hostiles . | . . . . . Parts Melted 8 | . . 8 . . Heat Transferred 2555 | . 150 2183 . 222 Parts Sabotaged . | . . . . . Parts Stolen . | . . . . . Parts Stripped . | . . . . . Power Chain Reactions 2 | . 2 . . . Missiles Intercepted . | . . . . . Alert | -11 -10 -10 -10 -9 ------- Run | Scr Mat Min Exi Min Peak Influence 442 | 10 442 263 . 60 Initial 48 | . 6 48 . . Average 192 | 7 248 146 . 38 Maximum Alert Level 2 | . 2 1 . . Low Security (%) 53 | 100 24 80 . 100 Level 1 44 | . 71 19 . . Level 2 2 | . 4 . . . Level 3 . | . . . . . Level 4 . | . . . . . Level 5 . | . . . . . High Security . | . . . . . Max Security . | . . . . . Squads Dispatched 5 | . 5 . . . Investigation 3 | . 3 . . . Extermination . | . . . . . Reinforcement 2 | . 2 . . . Assault . | . . . . . Garrison . | . . . . . Intercept . | . . . . . Construction Impeded . | . . . . . Haulers Reinforced . | . . . . . Active Scanning Responses . | . . . . . Cargo Convoy Interrupts . | . . . . . Stealth | -11 -10 -10 -10 -9 --------- Run | Scr Mat Min Exi Min Distress Signals 4 | . 3 1 . . Communications Jammed . | . . . . . Distress Signals . | . . . . . Times Spotted 48 | . 25 20 . 3 Peak Tracking Total 7 | . 7 3 . 3 Tactical Retreats . | . . . . . Traps | -11 -10 -10 -10 -9 ------- Run | Scr Mat Min Exi Min Traps Triggered 3 | . 3 . . . Indirectly . | . . . . . Trap Hack Attempts . | . . . . . Triggered . | . . . . . Disarmed . | . . . . . Reprogrammed . | . . . . . Reused . | . . . . . Traps Extracted . | . . . . . Installed . | . . . . . Triggered . | . . . . . Exploded 2 | . . . 2 . Machines | -11 -10 -10 -10 -9 ---------- Run | Scr Mat Min Exi Min Machines Disabled . | . . . . . Max in Single Turn . | . . . . . Machines Sabotaged . | . . . . . Garrisons Compromised . | . . . . . Overloaded Fab Kills . | . . . . . Hacking | -11 -10 -10 -10 -9 --------- Run | Scr Mat Min Exi Min Machines Accessed 12 | . 9 . 3 . Terminals 6 | . 6 . . . Fabricators . | . . . . . Repair Stations 1 | . 1 . . . Recycling Units 2 | . 2 . . . Scanalyzers . | . . . . . Garrison Access . | . . . . . Total Hacks 41 | . 30 . 11 . Successful 32 | . 21 . 11 . Failed 9 | . 9 . . . Catastrophic 2 | . 2 . . . Database Lockouts . | . . . . . Manual 20 | . 19 . 1 . Terminals 23 | . 23 . . . Fabricators . | . . . . . Repair Stations 4 | . 4 . . . Recycling Units 3 | . 3 . . . Scanalyzers . | . . . . . Garrison Access . | . . . . . Terminal Hacks 20 | . 9 . 11 . Record 10 | . . . 10 . Robot Analysis 2 | . 2 . . . Emergency Access Points 1 | . 1 . . . Terminal Index 1 | . 1 . . . Locate Traps 1 | . 1 . . . Maintenance Status 1 | . 1 . . . Hauler Manifests 1 | . 1 . . . Registered Components 1 | . 1 . . . Zone Layout 1 | . 1 . . . EX-Prototype ID Bank 1 | . . . 1 . Fabricator Hacks . | . . . . . Repair Station Hacks 2 | . 2 . . . Scan Component 1 | . 1 . . . Repair 1 | . 1 . . . Recycling Unit Hacks 1 | . 1 . . . Report Inventory 1 | . 1 . . . Scanalyzer . | . . . . . Garrison Access Hacks . | . . . . . Unauthorized Hacks 9 | . 9 . . . Terminals 6 | . 6 . . . Track 2 | . 2 . . . Botnet 2 | . 2 . . . Disrupt 1 | . 1 . . . Operators 1 | . 1 . . . Fabricators . | . . . . . Repair Stations 1 | . 1 . . . Mechanics 1 | . 1 . . . Recycling Units 2 | . 2 . . . Tunnel 2 | . 2 . . . Scanalyzers . | . . . . . Garrison Access . | . . . . . Data Cores Recovered . | . . . . . Used . | . . . . . Hacking Detections 6 | . 6 . . . Full Trace Events 1 | . 1 . . . Feedback Events . | . . . . . Feedback Blocked . | . . . . . Robot Schematics Acquired . | . . . . . Robots Built . | . . . . . Authchips . | . . . . . Time . | . . . . . Total Robot Build Rating . | . . . . . Part Schematics Acquired . | . . . . . Parts Built . | . . . . . Authchips . | . . . . . Time . | . . . . . Total Part Build Rating . | . . . . . Parts Repaired 1 | . 1 . . . Time 26 | . 26 . . . Parts Recycled . | . . . . . Recycled Matter . | . . . . . Retrieved Matter . | . . . . . Retrieved Components . | . . . . . Parts Scanalyzed . | . . . . . Part Schematics Acquired . | . . . . . Parts Damaged . | . . . . . Bothacking | -11 -10 -10 -10 -9 ------------ Run | Scr Mat Min Exi Min Used RIF Installer . | . . . . . Robots Hacked . | . . . . . Non-combat . | . . . . . Combat . | . . . . . Robot Hacks Applied . | . . . . . Relay Couplers Released . | . . . . . Robots Rewired . | . . . . . Allies Hacked . | . . . . . Hacks Repelled . | . . . . . Allies | -11 -10 -10 -10 -9 -------- Run | Scr Mat Min Exi Min Total Allies . | . . . . . Largest Group . | . . . . . Highest-Rated Group . | . . . . . Highest-Rated Ally . | . . . . . Total Orders . | . . . . . Ally Attacks . | . . . . . Total Damage . | . . . . . Kills . | . . . . . Allies Corrupted . | . . . . . Allies Melted . | . . . . . Intel | -11 -10 -10 -10 -9 ------- Run | Scr Mat Min Exi Min Robot Analysis Total 2 | . 2 . . . Derelict Logs Recovered 2 | . . 2 . . Drone Launches . | . . . . . Drone Recoveries . | . . . . . Exploration | -11 -10 -10 -10 -9 ------------- Run | Scr Mat Min Exi Min Turns Passed 3041 | 42 1218 1256 508 17 Spaces Moved 1894 | 29 716 709 440 . Core 1 | . 1 . . . Treads 12 | . . 12 . . Legs . | . . . . . Wheels 1881 | 29 715 697 440 . Hover . | . . . . . Flight . | . . . . . Fastest Speed 100 | 100 100 115 115 . Average Speed 127 | 100 140 123 115 . Slowest Speed 800 | 100 800 240 115 . Overloaded Moves . | . . . . . Propulsion Burnouts . | . . . . . Robots Hopped . | . . . . . Cave-ins Triggered . | . . . . . Exploration Rate (%) 54 | 3 97 98 70 5 Regions Visited 4 Branch Regions 3 Pre-discovered Areas 4 | . 2 1 1 . Known Exits Taken 2 | . 1 . 1 . Unknown Exits Taken 2 | 1 . 1 . . Scrap Searched 1 | . . 1 . . Spaces Dug 9 | . 9 . . . Terrain Destroyed 16 | . 16 . . . Melee . | . . . . . Projectile . | . . . . . AOE 16 | . 16 . . . Terrain Rammed . | . . . . . Walls Destroyed . | . . . . . Machines Disabled . | . . . . . Actions | -11 -10 -10 -10 -9 --------- Run | Scr Mat Min Exi Min Total 2324 | 38 839 997 443 7 Wait 242 | 1 31 210 . . Move 1890 | 28 715 708 439 . Hop . | . . . . . Pick Up 38 | 3 22 11 2 . Fast Attach 9 | . 7 2 . . Attach 12 | . 6 5 . 1 Detach 4 | . 2 2 . . Swap 15 | 2 5 8 . . Drop 16 | 1 7 6 2 . Fire 97 | 3 43 45 . 6 Melee . | . . . . . Ram . | . . . . . Kick . | . . . . . Crush 1 | . 1 . . . Escape Stasis . | . . . . . Rewire . | . . . . . Trap . | . . . . . Miscellaneous . | . . . . . Route ------- -11/Scrapyard -10/Materials (discovered 4 exits: *Mat x3 / *Min) -10/Mines (discovered 3 exits: *Mat x2 / *Exi) -10/Exiles (discovered 2 exits: *Min x2) -9/Mines History --------- Turn | Location | Event 4 | -11/Scrapyard | Discovered new exit (range 2) 43 | -11/Scrapyard | Entered Materials 168 | -10/Materials | Destroyed 7 combat bots 199 | -10/Materials | Lost 3 parts (1n2w) 253 | -10/Materials | Discovered new exit (range 16) 300 | -10/Materials | Build established: Mutant 334 | -10/Materials | Identified exit to Materials 658 | -10/Materials | Discovered exit to Materials (range 5) 865 | -10/Materials | Discovered new exit (range 12) 936 | -10/Materials | Identified exit to Mines 1049 | -10/Materials | Discovered exit to Materials (range 15) 1152 | -10/Materials | Repaired Lgt. Treads 1261 | -10/Materials | Entered Mines 1403 | -10/Mines | Found a damaged Exp. Sensor Array with a note attached 1406 | -10/Mines | Found Prototype Device 1595 | -10/Mines | Excavation squad dispatched 1595 | -10/Mines | A large section of the Mines collapsed 1785 | -10/Mines | Core integrity fell below 50% 1845 | -10/Mines | Excavation squad dispatched 1940 | -10/Mines | Discovered exit to Materials (range 4) 2105 | -10/Mines | Learned location of Mines (-9) 2350 | -10/Mines | Discovered exit to Materials (range 7) 2356 | -10/Mines | Received a Rocket Launcher from a helpful Derelict 2511 | -10/Mines | Deemed a non-threat by the Exiles lab entrance 2512 | -10/Mines | Discovered new exit (range 5) 2517 | -10/Mines | Entered Exiles 2518 | -10/Exiles | Identified exit to Mines 2549 | -10/Exiles | Met 8R-AWN 2566 | -10/Exiles | Met EX-HEX 2618 | -10/Exiles | Met EX-DEC 2638 | -10/Exiles | Learned location of Zion (-6) 2811 | -10/Exiles | Met EX-BIN 2873 | -10/Exiles | Aligned with FarCom system 2874 | -10/Exiles | Given EX-Vault access code 2900 | -10/Exiles | Opened EX-Vault 2909 | -10/Exiles | Found Gui. Plasma Cannon 2913 | -10/Exiles | Found Modified TNC 2939 | -10/Exiles | Warned to stay clear of 0b10 Research branches 2950 | -10/Exiles | Exiles lab attacked by MAIN.C 3025 | -10/Exiles | Stole two prototypes: Modified TNC, Gui. Plasma Cannon 3025 | -10/Exiles | Entered Mines 3028 | -9/Mines | Core integrity fell below 20% 3042 | -9/Mines | Destroyed by S-10 Pest with Light Assault Rifle Last Messages --------------- change it right after you leave. Most certainly not to something like 1234 which I did last time as a little joke and some thief managed to sneak in here and steal a few of HEX's prototypes. 02950_ EXILES: Incoming Unaware force detected on approach from Mines. Prepare for evacuation. 02985_ EXILES: Lab perimeter alert, evacuate immediately. 02987_ EX-DEC: "Just gonna leave this little present behind for fun..." 02987_ EX-DEC deploys DAS Turret. 03014_ EX-BIN: "Not cool, MAIN.C, I don't even have my SDF Cannon ready..." 03019_ EX-DEC exits level. LOCATION=MINES GOAL=ESCAPE 03025_ Receiving FarCom transmissions... 03025_ S-10 Pest destroyed. 03025_ Switching to secondary target: S-10 Pest. 03026_ W1-DM0: "That was close. Too bad in all the rush we got split up from the others." 03027_ Com. Wheel destroyed. 03029_ S-10 Pest destroyed. Map ----- +----------------------------------------------------+ | | | | | | | | | | | | | | | | | | | | | | | | | | | | | ????????????????????????????????????????? | | ????????????????????????????????????????? | | ????????????????????????????????????????? | | ????????????????????????????????????????? | | ????????????????????????????????????????? | | ????????????????????????????????????????? | | ????????????????????????????????????????? | | ???????????????######???????????????????? | | ???# ####????## ##??????????????????? | | ???# ###= ##?????????????????? | | ????# =s=%* #?????????????????? | | ?????# *%=@ #?????????????????? | | ??????# [= ## ##?????????????????? | | ??????##### ##??????????????????????? | | ??????????## #????????????????????????? | | ???????????# ?????????????????????????? | | ???????????# ??????????????????????????? | | ???????????# ??????????????????????????? | | ??????????? ???????????????????????????? | | ?????????? ???????????????????????????? | | ????????? ????????????????????????????? | | ?????????## ????????????????????????????? | | ??????????#?????????????????????????????? | | ????????????????????????????????????????? | | ????????????????????????????????????????? | | ????????????????????????????????????????? | | ????????????????????????????????????????? | | ????????????????????????????????????????? | | ????????????????????????????????????????? | | ????????????????????????????????????????? | | ????????????????????????????????????????? | | ????????????????????????????????????????? | | ????????????????????????????????????????? | | ????????????????????????????????????????? | | ????????????????????????????????????????? | | ????????????????????????????????????????? | +----------------------------------------------------+ Best States ------------- Heat Dissipation 39 Energy Generation 14 Energy Capacity 250 Matter Stores 300 Matter Capacity 300 Sight Range 16 Terrain Scan Density 10 Evasion (%) 40 Recoil Reduction 2 Item Schematics ----------------- None Robot Schematics ------------------ None Fabricated ------------ Nothing Alien Tech Used ----------------- None Achievements -------------- None Challenges ------------ None Game ------ Seed BattleArmorSink Manual? 0 Play Time 00:25:32 Cumulative 84.8 hours Start 2021.10.23 @ 14:28:51 End 2021.10.23 @ 14:56:03 Sessions 1 Manual Loads 0 Difficulty Rogue Special Mode None Game No. 60 Rogue 59 Adventurer 1 Explorer 0 Win Type - Total 2 Types 2/0/0/0/0/0/0/0/0 Lore% 39 Gallery% 48 Achievement% 41 Wizard Run 0 Options --------- ASCII 0 Keyboard 1 Movement Vi Keybinds 0 Fullscreen 2 Font 18/TerminusBold Map View 76x50 Tactical HUD 1 Map Filters NONE Filters NONE Steam 1 RUN: e3e858be-71b3-40c5-b5d9-326568d460a9